 Dungeon Crawl Stone Soup version 0.30-a0-367-g839099abd5 (webtiles) character file.

Game seed: 12918568127419602609

3333 Colgate the Martial Artist (level 10, -12/85 HPs)
             Began as an Octopode Transmuter on Nov 18, 2022.
             Was a Priest of Jiyva.
             Mangled by an orc warlord
             ... wielding a +3 battleaxe
              (23 damage)
             ... in a bailey.
             The game lasted 00:28:13 (6684 turns).

Colgate the Martial Artist (Octopode Transmuter)    Turns: 6684, Time: 00:28:13

Health: -12/85     AC:  6    Str: 11    XL:     10   Next: 2%
Magic:  0/13       EV: 12    Int: 16    God:    Jiyva [***...]
Gold:   120        SH:  0    Dex: 17    Spells: 6/13 levels left

rFire   x . .      SeeInvis +      - Unarmed
rCold   + + +      Faith    .    (shield currently unavailable)
rNeg    . . .      Spirit   +    (helmet currently unavailable)
rPois   +          Reflect  .    e - amulet of guardian spirit
rElec   .          Harm     .    (no ring)
rCorr   +          Rampage  .    (no ring)
Will    .....                    (no ring)
Stlth   +++.......               (no ring)
HPRegen 3.86/turn                (no ring)
MPRegen 0.48/turn                (no ring)
                                 (no ring)
                                 (no ring)

@: ice-form, calling ooze
A: freezing attack, boosted hp, almost no armour, amphibious, 8 rings, large,
(camouflage 1), (gelatinous body 1), (nimble swimmer 1), (tentacles), see
invisible, agile 1, sense surroundings 2, regeneration 3
a: End Transformation, Renounce Religion, Oozemancy


You were in a bailey.
You worshipped Jiyva.
Jiyva was most pleased with you.
You were a creature of crystalline ice.
You visited 2 branches of the dungeon, and saw 9 of its levels.
You also visited: Bailey.

You collected 120 gold pieces.

Inventory:

Hand Weapons
 a - a +2 dagger of freezing
Jewellery
 e - an amulet of guardian spirit (around neck)
Wands
 h - a wand of charming (8)
 p - a wand of quicksilver (5) {@v1}
Scrolls
 c - 3 scrolls of teleportation {@r3}
 g - 3 scrolls of immolation
 i - a scroll of summoning {unknown}
 j - a scroll of poison {unknown}
 k - a scroll of blinking {unknown}
 l - a scroll of amnesia {unknown}
 n - a scroll of vulnerability {unknown}
 o - a scroll of silence {unknown}
 r - a scroll of enchant armour {unknown}
 s - a scroll of identify {@r1}
Potions
 b - 2 potions of heal wounds {@q2}
 d - 3 potions of brilliance
 f - a potion of lignification
 m - 2 potions of attraction {unknown}
 q - a potion of magic {unknown}


   Skills:
 - Level 7.0 Fighting
 - Level 4.6 Dodging
 - Level 4.2 Stealth
 + Level 10.0 Unarmed Combat
 - Level 2.0 Spellcasting
 - Level 4.0 Transmutations
 - Level 3.0 Ice Magic


You had 6 spell levels left.
You knew the following spells:

 Your Spells              Type           Power      Damage    Failure   Level
a - Beastly Appendage     Tmut           28%        N/A       4%          1
b - Wereblood             Tmut           14%        N/A       6%          2
c - Ice Form              Ice/Tmut       12%        N/A       43%         4

Your spell library contained the following spells:

 Spells                   Type           Power      Damage    Failure   Level
 Sting                    Tmut/Pois      32%        1d4       9%          1
 Spider Form              Tmut/Pois      8%         N/A       26%         3
 Poisonous Vapours        Pois/Air       2%         N/A       30%         2
 Static Discharge         Conj/Air       2%         2-3/arc   30%         2
 Vhi's Electric Charge    Tloc/Air       2%         N/A       52%         3
 Olgreb's Toxic Radiance  Pois           1%         N/A       90%         4
 Arcjolt                  Conj/Air       0%         1d10      99%         5
 Lightning Bolt           Conj/Air       0%         1d11      99%         5


Dungeon Overview and Level Annotations

Branches:
Dungeon (8/15)             Temple (1/1) D:6          Bailey (1/1)
   Lair: D:8-11

Altars:
Ashenzari
Cheibriados
Elyvilon
Fedhas
Gozag
Hepliaklqana
Kikubaaqudgha
Makhleb
Nemelex Xobeh
Qazlal
Ru
Uskayaw
Vehumet
Wu Jian
Yredelemnul
Zin
The Shining One
Jiyva

Shops:
D:1 :


Innate Abilities, Weirdness & Mutations

You are a creature of crystalline ice.
You have a powerful freezing melee attack.
Your maximum health is increased.
Your armour is entirely melded.
You are incapable of wielding weapons or throwing items.
You cannot wear most types of armour.
You are amphibious.
You can wear up to eight rings at the same time.
((Your skin changes colour to match your surroundings (Stealth+).))
((Your rubbery body absorbs attacks. (AC +1, EV +1)))
((You are camouflaged when in or above water. (Stealth+)))
((You have tentacles for arms and can constrict up to eight enemies at once.))
You have supernaturally acute eyesight. (SInv)
You are agile. (Dex +4, Str/Int -1)
You passively map the area around you.
You regenerate.


Message History

You hear a slurping noise.
The jelly completely misses the orc warlord.
You completely miss the orc warlord.
The wall burns the orc warlord!
The orc warlord hits you with a +3 battleaxe!!
The orc warlord hits the jelly with a +3 battleaxe!
The orc warlord seems to be corroded for longer.
The orc warlord is burned by acid!
The jelly hits the orc warlord.
The orc warlord is splashed with acid.
The orc warlord seems to be corroded for longer.
You hit the orc warlord. You freeze the orc warlord.
The wall burns the orc warlord!
The orc warlord hits you with a +3 battleaxe!!!
* * * LOW HITPOINT WARNING * * *
The orc warlord hits the jelly with a +3 battleaxe!!
The jelly dies!
You feel much better.
The wall burns the orc warlord!
The orc warlord completely misses you.
You barely miss the orc warlord.
The wall burns the orc warlord!
The orc warlord hits you with a +3 battleaxe!!!
* * * LOW HITPOINT WARNING * * *
You hear a distant slurping noise.
You barely miss the orc warlord.
The wall burns the orc warlord!
The orc warlord barely misses you.
Here: an orc warlord, wielding a +3 battleaxe and wearing a +0 chain mail (severely wounded, covered in acid)
The floor, spattered with blood.
Unknown command.
You hit the orc warlord. You freeze the orc warlord. You punch the orc warlord!
You freeze the orc warlord.
The wall burns the orc warlord!
The orc warlord hits you with a +3 battleaxe!!
* * * LOW HITPOINT WARNING * * *
Here: an orc warlord, wielding a +3 battleaxe and wearing a +0 chain mail (almost dead, covered in acid)
The floor, spattered with blood.
Unknown command.
Unknown command.
You hear a slurping noise.
The wall burns the orc warlord!
The orc warlord attacks as you move away!
The orc warlord hits you with a +3 battleaxe!!
You die...

, , ,* ###.....###
* ,,..
##.........##
,..##8..........# ,
, ...#8..........#
..'.....⌠....∩#
#8........J.# , ,,
#8..........# #, ,
,, ###.........##
###
,###.###oY...###
..###
###.....#'#.###
JJ..###.........###
..J..#...........#
...J.#...........#
....J#J....⌠.....#
.....J...........#
.....#)..........#
....###.........##


You could see an orc warlord (corroded) and a neutral jelly (wandering) (fellow
slime).

Vanquished Creatures
  Sigmund (D:6)
  A vampire (D:6)
  A steam dragon (D:6)
  3 water moccasins
  11 orc warriors (Bailey)
  2 ice beasts
  A black bear (D:6)
  An ogre (D:6)
  A phantom (D:7)
  2 kobold brigands
  A scorpion (D:4)
  3 wights (D:8)
  4 hounds
  5 orc priests
  3 gnoll boudas (D:7)
  4 iguanas
  7 orc wizards
  21 gnolls
  An adder (D:4)
  2 shadow imps (D:6)
  2 white imps
  A worm (D:2)
  2 dart slugs
  24 orcs
  2 ball pythons
  An endoplasm (D:1)
  A giant cockroach (D:1)
  18 goblins
  12 hobgoblins
  6 jackals
  2 quokkas
  4 bats
  4 frilled lizards (D:1)
  8 kobolds
  6 rats
168 creatures vanquished.

Vanquished Creatures (others)
  2 steam dragons
  A black bear (D:5)
  An orc warrior (Bailey)
  A necrophage (D:5)
  A bullfrog (D:7)
  A scorpion (D:7)
  21 jellies
  A hound (D:6)
  A gnoll bouda (D:7)
  An iguana (D:5)
  An orc wizard (D:6)
  3 gnolls
  An adder (D:5)
  2 ufetubi
  A worm (D:3)
  An endoplasm (D:3)
  7 orcs
  A bat (D:3)
  A giant cockroach (D:3)
  2 hobgoblins
  A jackal (D:5)
  2 kobolds (D:7)
  A frilled lizard (D:3)
  A rat (D:2)
  17 fungi (D:6)
73 creatures vanquished.

Grand Total: 241 creatures vanquished

Notes
Turn   | Place    | Note
-------+----------+-------------------------------------------
     0 | D:1      | Colgate the Octopode Transmuter began the quest for the
                  | Orb.
     0 | D:1      | Reached XP level 1. HP: 13/13 MP: 3/3
   111 | D:1      | Reached skill level 1 in Stealth
   175 | D:1      | Reached XP level 2. HP: 13/19 MP: 3/5
   178 | D:1      | Learned a level 2 spell: Wereblood
   671 | D:1      | Reached XP level 3. HP: 25/25 MP: 4/6
   691 | D:1      | Found Poveth's Vocational Training.
   762 | D:1      | Found a faded altar of an unknown god.
   766 | D:1      | Prayed at the altar of an unknown god.
   766 | D:1      | Became a worshipper of Jiyva Jesiyva the Shapeless
   766 | D:1      | Reached * piety under Jiyva
  2028 | D:3      | Reached ** piety under Jiyva
  2130 | D:3      | Reached XP level 4. HP: 21/33 MP: 7/7
  2433 | D:3      | Reached XP level 5. HP: 38/38 MP: 8/8
  2690 | D:4      | Reached *** piety under Jiyva
  2773 | D:4      | Noticed an ice beast
  2781 | D:4      | Killed an ice beast
  2878 | D:4      | Reached skill level 1 in Ice Magic
  2878 | D:4      | Reached XP level 6. HP: 31/44 MP: 9/9
  3168 | D:5      | Entered Level 5 of the Dungeon
  3168 | D:5      | Noticed a black bear
  3227 | D:5      | Learned a level 4 spell: Ice Form
  3275 | D:5      | Found a hide-covered altar of Uskayaw.
  3300 | D:5      | Gained mutation: You are agile. (Dex +4, Str/Int -1)
                  | [Jiyva's grace]
  3300 | D:5      | Gained mutation: You are very agile. (Dex +8, Str/Int -2)
                  | [Jiyva's grace]
  3300 | D:5      | Gained mutation: You passively map a small area around you.
                  | [Jiyva's grace]
  3300 | D:5      | Gained mutation: You passively map the area around you.
                  | [Jiyva's grace]
  3487 | D:5      | Reached XP level 7. HP: 49/49 MP: 10/10
  3489 | D:5      | Reached skill level 4 in Unarmed Combat
  3945 | D:5      | Killed a steam dragon
  4055 | D:5      | Reached **** piety under Jiyva
  4312 | D:6      | Reached skill level 5 in Fighting
  4488 | D:6      | Noticed a vampire
  4511 | D:6      | Found a sparkling altar of Nemelex Xobeh.
  4518 | D:6      | Reached XP level 8. HP: 58/58 MP: 6/11
  4522 | D:6      | Killed a vampire
  4639 | D:6      | Noticed Sigmund
  4652 | D:6      | Killed Sigmund
  4653 | D:6      | Reached skill level 5 in Unarmed Combat
  4866 | D:6      | Found an ornate altar of the Wu Jian Council.
  5278 | D:6      | Found a snail-covered altar of Cheibriados.
  5327 | D:6      | Found a staircase to the Ecumenical Temple.
  5623 | Temple   | Entered the Ecumenical Temple
  5805 | D:7      | Reached skill level 6 in Unarmed Combat
  5853 | D:7      | Reached skill level 7 in Unarmed Combat
  5907 | D:7      | Reached XP level 9. HP: 62/64 MP: 12/12
  6026 | D:7      | Lost mutation: You are very agile. (Dex +8, Str/Int -2)
                  | [Jiyva's grace]
  6026 | D:7      | Gained mutation: Your natural rate of healing is unusually
                  | fast. [Jiyva's grace]
  6026 | D:7      | Gained mutation: You heal very quickly. [Jiyva's grace]
  6026 | D:7      | Gained mutation: You regenerate. [Jiyva's grace]
  6026 | D:7      | Gained mutation: You have supernaturally acute eyesight.
                  | (SInv) [Jiyva's grace]
  6095 | D:7      | Reached skill level 8 in Unarmed Combat
  6427 | D:8      | Found a flagged portal.
  6436 | Bailey   | Entered a bailey
  6463 | Bailey   | Reached skill level 9 in Unarmed Combat
  6642 | Bailey   | Reached skill level 10 in Unarmed Combat
  6657 | Bailey   | Reached XP level 10. HP: 71/71 MP: 13/13
  6661 | Bailey   | Noticed an orc warlord
  6684 | Bailey   | Mangled by an orc warlord

Illustrated notes

Levels and vault maps discovered:
D:1:      amcnicky_arrival_single_pillar, layout_basic,
          hellmonk_ecumenical_altar_leap_of_faith, nicolae_shop_vocational
D:2:      layout_basic, minmay_strange_pillars, grunt_decor_clamped,
          minmay_box_of_dots
D:3:      layout_basic
D:4:      layout_cave_pools, minmay_distorted
D:5:      layout_gridville, nicolae_uskayaw_dance_hall,
          kennysheep_generic_room_11
D:6:      kennysheep_steamy, layout_loops_corners, kennysheep_slug_shrine,
          lemuel_tele_altar, minmay_temple_entry_hall, grunt_ministairs_5,
          hangedman_decor_growths, corexii_item_surrounded_by_moat,
          minmay_parallelograms, moated_statue, minmay_ruined_shrine,
          uniq_sigmund
D:7:      layout_rooms, dk_rats_in_the_wall
D:8:      layout_rooms, enter_bailey_1
Temple:   nicolae_temple_two_arcs
Bailey:   bailey_axe_minmay_hex_keep, bailey

Skill      XL: |  1  2  3  4  5  6  7  8  9 |
---------------+----------------------------+-----
Stealth        | 1 2 4 |  4.2
Fighting       | 2 4 6 7 |  7.0
Transmutations | 4 |  4.0
Ice Magic      | 1 3 |  3.0
Unarmed Combat | 4 7 10 | 10.0
Dodging        | 4 |  4.6
Spellcasting   | |  2.0

Action                   |  1- 3 |  4- 6 |  7- 9 | 10-12 || total
-------------------------+-------+-------+-------+-------++-------
Melee: Unarmed           |    47 |    16 |   199 |    10 ||   272
       Constrict         |    22 |     8 |     2 |       ||    32
       Kick              |    16 |    10 |       |       ||    26
       Punch             |     2 |       |     1 |       ||     3
       Tentacles         |    12 |     3 |     3 |       ||    18
       Dagger            |    20 |    34 |     3 |       ||    57
 Cast: Beastly Appendage |    28 |    14 |     1 |       ||    43
       Wereblood         |     5 |     2 |    11 |       ||    18
       Ice Form          |       |     2 |    22 |     1 ||    25
Invok: Oozemancy         |       |     2 |     5 |     1 ||     8
  Use: Scroll            |     5 |       |     1 |       ||     6
       Potion            |       |       |     1 |     1 ||     2
 Stab: Sleeping          |     4 |     6 |     1 |       ||    11
Armor: Skin              |     2 |    24 |    32 |       ||    58
Dodge: Dodged            |    36 |    34 |    69 |     3 ||   142

Table legend: (Time is in decaauts)
 A = Elapsed time spent in this place.
 B = Non-inter-level travel time spent in this place.
 C = Inter-level travel time spent in this place.
 D = Time resting spent in this place.
 E = Time spent auto-exploring this place.
 F = Levels seen in this place.
 G = Mean time per level.
                   A        B        C        D        E       F      G
               +--------+--------+--------+--------+--------+-----+--------+
         Total |   6650 |   6062 |    588 |    223 |   4728 |  10 |  665.0 |
       Dungeon |   6297 |   5717 |    580 |    148 |   4579 |   8 |  787.1 |
        Temple |    117 |    110 |      7 |      0 |    104 |   1 |  117.0 |
        Bailey |    235 |    235 |      0 |     75 |     45 |   1 |  235.0 |
               +--------+--------+--------+--------+--------+-----+--------+

Top non-repeatable levels by time:
     D:1: 1421 daAuts
     D:6: 1362 daAuts
     D:5: 1088 daAuts
     D:3: 648 daAuts
     D:2: 616 daAuts
     D:7: 537 daAuts
     D:4: 520 daAuts
  Bailey: 235 daAuts
  Temple: 117 daAuts
     D:8: 104 daAuts
